AoeStats
← Jason

Hideout

509494406Analyzed
1v1 RM · 4d ago on Sep 27, 2026· 30m 46s· 2 players
Game mode
Random Map
Map size
Tiny (2 player)
Population
200
Speed
Normal
Resources
Standard
Victory
Conquest
Starting age
Dark Age
Ending age
Imperial Age
RankedLock teamsTeams togetherTeam positionsShared explorationLock speedFull tech treeHidden civsTurbo modeCheats
Victory
Defeat
🇺🇸 Britons · United States
711
+16
🇪🇸 Byzantines · Spain
702
-16
blackpanda
5:22 Loom
9:28 Feudal Age
10:17 Double-Bit Axe
19:33 Castle Age
18:06 Padded Archer Armor
18:22 Horse Collar
19:21 Gold Mining
19:22 Stone Mining
27:53 Leather Archer Armor
27:28 Fletching
28:14 Elite Skirmisher
31:00 Bodkin Arrow
Jason
10:21 Feudal Age
11:12 Double-Bit Axe
14:41 Castle Age
14:21 Gold Mining
15:44 Bow Saw
16:13 Gold Shaft Mining
19:42 Wheelbarrow
20:15 Fletching
20:17 Horse Collar
20:40 Crossbowman
21:57 Ballistics
23:01 Hand Cart
24:02 Treadmill Crane
25:09 Bodkin Arrow
27:38 Forging
26:53 Pikeman
Connection lost

Rejoining the realm…

Still unreachable

The connection could not be restored.

Session expired

The server has moved on; the page needs a fresh start.